 Dungeon Crawl Stone Soup version 0.30-a0-377-g5cb311bc9f (webtiles) character file.

Game seed: 268928923589037795

12560 Destapler the Blocker (level 11, -5/92 HPs)
             Began as a Minotaur Fighter on Nov 29, 2022.
             Was a High Priest of Nemelex Xobeh.
             Slain by a white ugly thing (9 damage)
             ... on level 10 of the Dungeon on Nov 30, 2022.
             The game lasted 00:49:21 (12310 turns).

Destapler the Blocker (Minotaur Fighter)           Turns: 12310, Time: 00:49:22

Health: -5/92      AC: 18    Str: 24    XL:     11   Next: 64%
Magic:  7/7        EV:  8    Int:  8    God:    Nemelex Xobeh [*****.]
Gold:   489        SH: 13    Dex: 15    Spells: 10/10 levels left

rFire   + . .      SeeInvis .    K - +3 spear (vamp)
rCold   . . .      Faith    +    G - +0 kite shield
rNeg    + + .      Spirit   .    E - +3 chain mail
rPois   .          Reflect  .    (helmet restricted)
rElec   .          Harm     .    (no cloak)
rCorr   .          Rampage  .    M - +2 pair of gloves
Will    +....                    o - +0 pair of boots
Stlth   ..........               l - amulet of Digac {Faith rN++ MP-9 Int+3 Dex+4}
HPRegen 0.35/turn                J - ring of protection from fire
MPRegen 0.10/turn                y - ring of willpower

@: flying
A: horns 2, retaliatory headbutt
a: Renounce Religion, Draw Escape, Draw Destruction, Draw Summoning, Triple
Draw, Deal Four, Stack Five


You were on level 10 of the Dungeon.
You worshipped Nemelex Xobeh.
Nemelex Xobeh was extremely pleased with you.
You visited 2 branches of the dungeon, and saw 12 of its levels.
You also visited: Bailey.

You collected 542 gold pieces.
You spent 53 gold pieces at shops.

Inventory:

Hand Weapons
 a - a +6 flail
 b - a +4 falchion of holy wrath
 D - a +4 spear of freezing
 H - a +4 scimitar of flaming
 K - a +3 vampiric spear (weapon)
Missiles
 q - 11 poisoned darts
 r - 5 atropa-tipped darts
 s - 57 stones (quivered)
 v - 4 boomerangs of dispersal
Armour
 o - a +0 pair of boots (worn)
 E - a +3 chain mail (worn)
 G - a +0 kite shield (worn)
 M - a +2 pair of gloves (worn)
Jewellery
 g - a +6 ring of strength
 j - a ring of resist corrosion
 l - the amulet of Digac (around neck) {Faith rN++ MP-9 Int+3 Dex+4}
   (You acquired it on level 6 of the Dungeon)

   [amulet of faith]

   It allows you to gain divine favour quickly.
   Int:       It affects your intelligence (+3).
   Dex:       It affects your dexterity (+4).
   rN:        It greatly protects you from negative energy.
   MP:        It affects your magic capacity (-9).
 y - a ring of willpower (right hand)
 J - a ring of protection from fire (left hand)
Wands
 d - a wand of paralysis (7)
 C - a wand of digging (5)
 O - a wand of polymorph (5)
Scrolls
 h - 3 scrolls of teleportation
 m - 5 scrolls of identify
 n - a scroll of magic mapping
 p - 4 scrolls of amnesia
 t - a scroll of enchant weapon
 w - 5 scrolls of blinking
 A - 6 scrolls of fear
 F - 2 scrolls of summoning
 L - a scroll of fog
Potions
 e - 6 potions of curing
 f - 4 potions of mutation
 i - 2 potions of haste
 k - 2 potions of heal wounds {unknown}
 u - 3 potions of cancellation
 x - 4 potions of magic
 z - a potion of lignification
 B - a potion of brilliance
 I - 2 potions of might
 N - a potion of resistance {unknown}


   Skills:
 + Level 7.6 Fighting
 - Level 6.0(6.7) Axes
 + Level 2.7(4.7) Maces & Flails
 - Level 3.2(5.0) Polearms
 + Level 5.7 Throwing
 + Level 7.6 Armour
 - Level 2.0 Dodging
 - Level 2.0 Stealth
 - Level 13.1 Shields
 * Level 8.3 Invocations
 + Level 4.7 Evocations


You had 10 spell levels left.
You didn't know any spells.
Your spell library contained the following spells:

 Spells                   Type           Power      Damage    Failure   Level
 Beastly Appendage        Tmut           0%         N/A       99%         1
 Necrotise                Necr           0%         1d4       99%         1
 Blink                    Tloc           0%         N/A       100%        2
 Momentum Strike          Conj/Tloc      0%         3d8       100%        2
 Wereblood                Tmut           0%         N/A       100%        2
 Ignite Poison            Fire/Tmut/Pois 0%         N/A       100%        3
 Kindle Blastsparks       Fire/Tloc/Air  0%         2d10      100%        3
 Lesser Beckoning         Tloc           0%         N/A       100%        3
 Spider Form              Tmut/Pois      0%         N/A       100%        3
 Vampiric Draining        Necr           0%         2d6       100%        3
 Agony                    Necr           0%         N/A       100%        5
 Freezing Cloud           Conj/Ice/Air   0%         6-21      100%        5


Dungeon Overview and Level Annotations

Branches:
Dungeon (11/15)            Temple (0/1) D:4            Lair (1/5) D:9
 Bailey (visited)
    Orc: D:9-12

Altars:
Ashenzari
Dithmenos
Elyvilon
Gozag
Hepliaklqana
Nemelex Xobeh
Okawaru
Sif Muna
Trog
Uskayaw
Vehumet
Yredelemnul
Zin
The Shining One

Annotations:
D:5 1 runed translucent door, Deveroux's ghost, novice MiBe


Innate Abilities, Weirdness & Mutations

You have a pair of horns on your head.
You reflexively headbutt those who attack you in melee.


Message History

The white ugly thing freezes you!!
Aiming: Polymorph
Press: ? - help, Shift-Dir - straight line, p - white ugly thing
Okay, then.
Unknown command.
You draw a card...
You have drawn Vitriol.
Press: ? - help, Shift-Dir - straight line, f/p - white ugly thing
Aim: a white ugly thing The bolt of acid hits the white ugly thing!!
The white ugly thing is moderately wounded.
You block the white ugly thing's attack.
You draw a card...
You have drawn the Orb.
Press: ? - help, Shift-Dir - straight line, f/p - white ugly thing
Aim: a white ugly thing (moderately wounded)
Your orb of destruction hits a rock wall. x2
The wavering orb of destruction weakly hits the white ugly thing!
The white ugly thing is heavily wounded.
The white ugly thing tentacle-slaps you.
The white ugly thing freezes you!!
* * * LOW HITPOINT WARNING * * *
Unknown command.
You hit the white ugly thing. You headbutt the white ugly thing!
The white ugly thing is heavily wounded.
You block the white ugly thing's attack.
You hit the white ugly thing but do no damage.
You headbutt the white ugly thing, but do no damage.
The white ugly thing is heavily wounded.
Your orb of destruction hits a rock wall.
The white ugly thing tentacle-slaps you.
* * * LOW HITPOINT WARNING * * *
The white ugly thing freezes you!!
* * * LOW HITPOINT WARNING * * *
It was a potion of flight.
You feel very buoyant.
You fly up into the air.
The white ugly thing tentacle-slaps you!
You die...
Your body glows with a rainbow of weird colours and disappears.

#.............#...
#.............#...
#.............#...
#<............#...
#.............#...
#..°○○........#...
#.°...○☼......#...
#.°....○......#...
#@u..#.###########
#....#....#.......
#.°..#....#.......
#.°○.#....#.......
#...○#<...#.......
#....#....#.......
#....#....##......
#....#.....#......
#....#.....#......


You could see a white ugly thing.

Vanquished Creatures
  A two-headed ogre (D:9)
  Sonja (Lair:1)
  A manticore (D:10)
  A cane toad (D:9)
  A gargoyle (D:10)
  An efreet (D:10)
  3 komodo dragons (D:9)
  A troll (D:10)
  A hornet (D:6)
  5 spriggans (Bailey)
  3 wyverns (D:9)
  14 yaks
  Menkaure (D:6)
  2 water moccasins (D:7)
  A sky beast (D:8)
  2 ice beasts
  4 orc warriors
  A swamp drake (D:9)
  A black bear (D:5)
  2 centaurs (D:8)
  7 ogres
  A kobold brigand (D:8)
  3 bullfrogs
  2 scorpions
  2 necrophages
  3 wights (D:8)
  5 killer bees (D:8)
  9 howler monkeys
  A hound (D:6)
  A gnoll bouda (D:4)
  2 jellies
  9 orc priests
  An iguana (D:7)
  17 orc wizards
  8 gnolls
  7 adders
  A shadow imp (D:7)
  2 white imps
  An ufetubus (D:6)
  2 worms (D:3)
  4 dart slugs
  45 orcs
  7 ball pythons
  7 bats
  8 endoplasms
  5 giant cockroaches
  7 goblins
  4 hobgoblins
  8 jackals
  2 quokkas (D:3)
  2 frilled lizards
  12 kobolds
  4 rats
246 creatures vanquished.

Vanquished Creatures (collateral kills)
  A two-headed ogre (Bailey)
  A cane toad (D:9)
  3 yaks (D:9)
  A sky beast (D:4)
  A black bear (D:4)
  A phantom (D:4)
  A bullfrog (D:9)
  A hound (D:4)
  A frilled lizard (D:4)
11 creatures vanquished.

Vanquished Creatures (others)
  A plant (D:2)
1 creature vanquished.

Grand Total: 258 creatures vanquished

Notes
Turn   | Place    | Note
-------+----------+-------------------------------------------
     0 | D:1      | Destapler the Minotaur Fighter began the quest for the Orb.
     0 | D:1      | Reached XP level 1. HP: 19/19 MP: 0/0
   195 | D:1      | Reached XP level 2. HP: 21/27 MP: 1/1
   710 | D:2      | Reached skill level 4 in Shields
   884 | D:2      | Reached XP level 3. HP: 28/33 MP: 2/2
  1375 | D:2      | Found a faded altar of an unknown god.
  1382 | D:2      | Prayed at the altar of an unknown god.
  1382 | D:2      | Became a worshipper of Nemelex Xobeh the Trickster
  1382 | D:2      | Reached * piety under Nemelex Xobeh
  1382 | D:2      | Received a gift from Nemelex Xobeh
  2053 | D:3      | Reached XP level 4. HP: 36/41 MP: 3/3
  2182 | D:3      | Found a glowing golden altar of the Shining One.
  2183 | D:3      | Received a gift from Nemelex Xobeh
  2272 | D:3      | Reached ** piety under Nemelex Xobeh
  2788 | D:3      | Found a basalt altar of Yredelemnul.
  2790 | D:3      | Noticed a profane servitor
  2869 | D:3      | Noticed an angel
  2922 | D:4      | Noticed a phantom
  3027 | D:4      | Reached skill level 1 in Invocations
  3052 | D:4      | Noticed a black bear
  3056 | D:4      | a black bear changed into a sky beast
  3056 | D:4      | Noticed a sky beast
  3058 | D:4      | Noticed a black bear
  3058 | D:4      | Killed a sky beast
  3059 | D:4      | Reached skill level 1 in Throwing
  3059 | D:4      | Reached skill level 1 in Dodging
  3059 | D:4      | Reached skill level 1 in Stealth
  3059 | D:4      | Reached XP level 5. HP: 47/47 MP: 3/5
  3061 | D:4      | Killed a phantom
  3062 | D:4      | Reached XP level 6. HP: 53/53 MP: 3/6
  3064 | D:4      | Found a bloodstained altar of Trog.
  3337 | D:4      | Reached skill level 5 in Fighting
  3337 | D:4      | Reached XP level 7. HP: 61/61 MP: 6/8
  3425 | D:4      | Found a staircase to the Ecumenical Temple.
  3609 | D:5      | Entered Level 5 of the Dungeon
  3613 | D:4      | Reached skill level 5 in Armour
  3699 | D:5      | Reached skill level 5 in Shields
  3700 | D:5      | Reached *** piety under Nemelex Xobeh
  3762 | D:5      | Found Urrorgh's CLEARANCE SALE!.
  3767 | D:5      | Bought a potion of lignification for 6 gold pieces
  3767 | D:5      | Bought a scroll of amnesia for 8 gold pieces
  3767 | D:5      | Bought a potion of mutation for 16 gold pieces
  3767 | D:5      | Bought a scroll of fear for 8 gold pieces
  3767 | D:5      | Bought a scroll of blinking for 15 gold pieces
  3803 | D:5      | Received a gift from Nemelex Xobeh
  4089 | D:5      | Found a runed translucent door.
  4148 | D:5      | Noticed Deveroux's ghost (novice MiBe)
  4842 | D:6      | Identified a scroll of acquirement
  4842 | D:6      | Acquired the amulet of Digac {Faith rN++ MP-9 Int+3 Dex+4}
  4878 | D:5      | Reached XP level 8. HP: 68/69 MP: 0/9
  5022 | D:6      | Found an opulent altar of Gozag.
  5022 | D:6      | Noticed Menkaure
  5023 | D:6      | Killed Menkaure
  5024 | D:6      | Reached skill level 5 in Axes
  5053 | D:6      | Received a gift from Nemelex Xobeh
  5131 | D:6      | Reached skill level 6 in Shields
  5153 | D:6      | Noticed a hornet
  5158 | D:6      | Killed a hornet
  5159 | D:6      | Reached skill level 5 in Invocations
  5218 | D:6      | Reached skill level 1 in Evocations
  5785 | D:7      | Reached **** piety under Nemelex Xobeh
  5842 | D:7      | Reached XP level 9. HP: 74/75 MP: 3/12
  5879 | D:7      | Found a hide-covered altar of Uskayaw.
  5901 | D:7      | Found a glowing silver altar of Zin.
  6102 | D:7      | Found a radiant altar of Vehumet.
  6258 | D:7      | Received a gift from Nemelex Xobeh
  6275 | D:7      | Reached skill level 7 in Shields
  6526 | D:7      | Received a gift from Nemelex Xobeh
  7010 | D:8      | Reached ***** piety under Nemelex Xobeh
  7028 | D:8      | Found a flagged portal.
  7065 | Bailey   | Entered a bailey
  7096 | Bailey   | Reached skill level 8 in Shields
  7232 | Bailey   | Reached skill level 9 in Shields
  7307 | Bailey   | Reached skill level 10 in Shields
  7370 | Bailey   | Noticed a two-headed ogre
  7379 | Bailey   | Killed a two-headed ogre
  7380 | Bailey   | Reached skill level 11 in Shields
  7380 | Bailey   | Reached XP level 10. HP: 7/83 MP: 4/13
  7897 | D:8      | Reached skill level 12 in Shields
  8000 | D:8      | Received a gift from Nemelex Xobeh
  8444 | D:8      | Reached skill level 13 in Shields
  8588 | D:8      | Received a gift from Nemelex Xobeh
  8864 | D:9      | Reached skill level 1 in Polearms
  9093 | D:9      | Noticed a two-headed ogre
  9096 | D:9      | Killed a two-headed ogre
  9215 | D:9      | Received a gift from Nemelex Xobeh
  9529 | D:9      | Reached XP level 11. HP: 84/91 MP: 6/15
  9564 | D:9      | Reached skill level 5 in Throwing
 10009 | D:9      | Found a faded altar of an unknown god.
 10058 | D:9      | Found a hazy altar of Hepliaklqana.
 10212 | D:9      | Found a staircase to the Lair.
 10255 | Lair:1   | Entered Level 1 of the Lair of Beasts
 10255 | Lair:1   | Noticed Sonja
 10258 | Lair:1   | Killed Sonja
 10259 | Lair:1   | Reached skill level 1 in Maces & Flails
 10612 | D:9      | HP: 4/92 [poisoned by a cane toad]
 10879 | Lair:1   | Noticed a catoblepas
 10934 | D:10     | Entered Level 10 of the Dungeon
 11063 | D:10     | Received a gift from Nemelex Xobeh
 11092 | D:10     | Found a shimmering blue altar of Sif Muna.
 11987 | D:10     | Found an iron altar of Okawaru.
 11987 | D:10     | Found a white marble altar of Elyvilon.
 11989 | D:10     | Found a broken altar of Ashenzari.
 11989 | D:10     | Found a shadowy altar of Dithmenos.
 12003 | D:10     | Received a gift from Nemelex Xobeh
 12285 | D:11     | Noticed a white ugly thing
 12309 | D:10     | HP: 3/92 [white ugly thing (29)]
 12310 | D:10     | Slain by a white ugly thing

Illustrated notes

Levels and vault maps discovered:
D:1:      lightli_arrival_statuegarden, layout_loops_ring
D:2:      layout_basic, shapermc_ecumenical_altar_petra,
          kennysheep_generic_room_9
D:3:      layout_basic, grunt_temple_overflow_holy_war
D:4:      layout_cave_pools, trog_ov_bears_minmay, minmay_temple_entry_trees
D:5:      layout_basic, ebering_ghost_reflecting_pool, nicolae_shop_clearance
D:6:      layout_loops_ring, nicolae_gozag_seed_capital, uniq_menkaure
D:7:      layout_basic, mainiacjoe_overflow_catwalk_spiral,
          nicolae_vehumet_altar_sigil, nrook_mini_vaults
D:8:      layout_gridville, enter_bailey_2
D:9:      layout_rooms, beargit_hepliaklqana_dungeon_heroes, erik_lair_dragon
D:10:     layout_grid_maze, kennysheep_mini_moat, mainiacjoe_overflow_alcove_3
D:11:     layout_gridville, erik_orc_4
Lair:1:   layout_regular_city, uniq_sonja, uniq_urug

Skill      XL: |  1  2  3  4  5  6  7  8  9 10 11 |
---------------+----------------------------------+-----
Fighting       | 4 5 6 7 |  7.6
Armour         | 4 5 6 7 |  7.6
Shields        | 4 5 6 11 13 | 13.1
Axes           | 3 4 5 6 |  6.0
Invocations    | 1 2 3 5 6 7 8 |  8.3
Throwing       | 1 2 3 4 5 |  5.7
Dodging        | 1 2 |  2.0
Stealth        | 1 2 |  2.0
Evocations     | 1 3 4 |  4.7
Polearms       | 2 3 |  3.2
Maces & Flails | 2 |  2.7

Action                   |  1- 3 |  4- 6 |  7- 9 | 10-12 || total
-------------------------+-------+-------+-------+-------++-------
Melee: War axe           |    78 |    60 |    77 |       ||   215
       Headbutt          |     7 |    15 |    42 |    62 ||   126
       Spear             |       |       |   234 |   268 ||   502
       Falchion          |       |       |       |     4 ||     4
       Flail             |       |       |       |    55 ||    55
Throw: Stone             |       |    10 |    20 |     5 ||    35
       Dart              |       |     1 |    11 |     8 ||    20
       Boomerang         |       |       |     1 |       ||     1
Invok: Draw Destruction  |       |     2 |    10 |    16 ||    28
       Draw Summoning    |       |     1 |     1 |     3 ||     5
       Draw Escape       |       |       |     3 |     4 ||     7
       Triple Draw       |       |       |       |     1 ||     1
Evoke: Wand              |       |       |       |     2 ||     2
  Use: Potion            |       |     1 |     3 |     4 ||     8
       Scroll            |       |       |     6 |     9 ||    15
 Stab: Distracted        |       |       |     1 |     2 ||     3
Armor: Scale mail        |    10 |       |       |       ||    10
       Chain mail        |    42 |    31 |   156 |   118 ||   347
       Skin              |       |       |     6 |       ||     6
Dodge: Dodged            |    39 |    29 |    89 |    86 ||   243
Block: Buckler           |    14 |    10 |    74 |    54 ||   152
       Kite shield       |       |       |       |    55 ||    55

Table legend: (Time is in decaauts)
 A = Elapsed time spent in this place.
 B = Non-inter-level travel time spent in this place.
 C = Inter-level travel time spent in this place.
 D = Time resting spent in this place.
 E = Time spent auto-exploring this place.
 F = Levels seen in this place.
 G = Mean time per level.
                   A        B        C        D        E       F      G
               +--------+--------+--------+--------+--------+-----+--------+
         Total |  12375 |  11526 |    849 |   2081 |   7234 |  13 |  951.9 |
       Dungeon |  11537 |  10689 |    848 |   1588 |   7074 |  11 | 1048.8 |
          Lair |     23 |     23 |      0 |      0 |      3 |   1 |   23.0 |
        Bailey |    814 |    814 |      0 |    493 |    157 |   1 |  814.0 |
               +--------+--------+--------+--------+--------+-----+--------+

Top non-repeatable levels by time:
     D:9: 2000 daAuts
    D:10: 1237 daAuts
     D:8: 1188 daAuts
     D:7: 1174 daAuts
     D:3: 1132 daAuts
     D:5: 1117 daAuts
     D:2: 964 daAuts
     D:6: 925 daAuts
     D:1: 896 daAuts
     D:4: 820 daAuts
  Bailey: 814 daAuts
    D:11: 79 daAuts
  Lair:1: 23 daAuts
